 Dungeon Crawl Stone Soup version 0.24.0-123-gd5b16e6ec5 (webtiles) character file.

Game seed: 619447761465799291, levelgen mode: deterministic

1519 Napalmbreeze the Skirmisher (level 8, -6/71 HPs)
             Began as a Ghoul Fighter on Jan 28, 2020.
             Mangled by a mummy (13 damage)
             ... on level 6 of the Dungeon.
             The game lasted 00:15:44 (4872 turns).

Napalmbreeze the Skirmisher (Ghoul Fighter)         Turns: 4872, Time: 00:15:45

Health: -6/71      AC: 13    Str: 26    XL:     8   Next: 84%
Magic:  16/16      EV:  6    Int: 11    God:
Gold:   11         SH: 10    Dex:  8    Spells: 7/7 levels left

rFire    + . .     SeeInvis .     - Unarmed
rCold    + + .     Gourm    .   b - +0 shield
rNeg     + + +     Faith    .   p - +0 storm dragon scales
rPois    ∞         Spirit   .   v - +0 helmet
rElec    +         Reflect  .   n - scarf {rC+ rF+}
rCorr    .         Harm     .   (no gloves)
MR       .....                  (no boots)
Stlth    ..........             I - amulet of Yfuufos {+Rage MP+9 Int+3}
HPRegen  0.00/turn              f - +4 ring of intelligence
MPRegen  0.15/turn              q - ring of stealth

@: mighty, about to teleport, marked, rotting
A: rotting body, claws 1, carnivore, cold resistance 1, negative energy
resistance 3, inhibited regeneration, torment resistance, unbreathing
a: no special abilities


You were on level 6 of the Dungeon.
You were not hungry.

You visited 2 branches of the dungeon, and saw 7 of its levels.
You also visited: Ossuary.

You collected 287 gold pieces.
You spent 276 gold pieces at shops.

Inventory:

Armour
 b - a +0 shield (worn)
 n - a scarf of resistance (worn)
 p - +0 storm dragon scales (worn)
 t - a +1 cloak
 v - a +0 helmet (worn)
 x - +0 fire dragon scales
Jewellery
 f - a +4 ring of intelligence (left claw)
 q - a ring of stealth (right claw)
 D - an uncursed ring of see invisible
 I - the amulet of Yfuufos (around neck) {+Rage MP+9 Int+3}
   (You bought it in a shop on level 5 of the Dungeon)

   [amulet of rage]

   It affects your intelligence (+3).
   It affects your magic capacity (+9).
   It lets you go berserk.
Scrolls
 k - 2 scrolls of remove curse {unknown}
 m - a scroll of blinking {unknown}
 o - a scroll of teleportation
 y - a scroll of noise {unknown}
 B - 2 scrolls of random uselessness {unknown}
 F - a scroll of amnesia {unknown}
 G - 2 scrolls of enchant weapon
 H - a scroll of enchant armour
Potions
 a - 3 potions of invisibility {unknown}
 c - a potion of might
 g - a potion of mutation {unknown}
 h - 2 potions of curing
 j - 2 potions of flight
 l - 3 potions of resistance
 r - 2 potions of haste {unknown}
 s - 3 potions of heal wounds {unknown}
 u - a potion of berserk rage {unknown}
 z - a potion of ambrosia {unknown}
 A - a potion of lignification {unknown}
Comestibles
 d - 10 rations


   Skills:
 + Level 6.9 Fighting
 + Level 5.7 Armour
 - Level 5.0 Shields
 + Level 6.4 Unarmed Combat


You had 7 spell levels left.
You didn't know any spells.
Your spell library contained the following spells:

 Spells                   Type           Power        Failure   Level  Hunger
 Shock                    Conj/Air       #...         100%        1    ##.....
 Poisonous Vapours        Pois/Air       #.....       100%        2    ###....
 Static Discharge         Conj/Air       #.......     100%        3    ####...
 Iskenderun's Battlesphe  Conj/Chrm      #.......     100%        5    ######.
 Tornado                  Air            #.........   100%        9    #######


Dungeon Overview and Level Annotations

Branches:
Dungeon (6/15)             Temple (1/1) D:5         Ossuary (visited)

Altars:
Ashenzari
Cheibriados
Dithmenos
Elyvilon
Fedhas
Gozag
Kikubaaqudgha
Nemelex Xobeh
Okawaru
Ru
Sif Muna
Trog
Uskayaw
Vehumet
Xom
Yredelemnul

Shops:
D:4 :   D:5 *!


Innate Abilities, Weirdness & Mutations

Your body is rotting away.
You thrive on raw meat.
You are immune to poison.
You have sharp fingernails.
You are carnivorous and can eat meat at any time.
Your flesh is cold resistant. (rC+)
You are immune to negative energy. (rN+++)
You do not regenerate when monsters are visible.
You are immune to unholy pain and torment.
You can survive without breathing.


Message History

* * * LOW HITPOINT WARNING * * *
The big kobold zombie hits you but does no damage.
Unknown command.
Unknown command.
Your surroundings suddenly seem different.
Found four items.
Found a gate leading back out of this place.
s - 3 smoky ruby potions (gained 2) Unknown command.
B - 2 scrolls labeled KEDAPI ZABLYICE (gained 1)
h - 2 potions of curing (gained 1)
r - 2 emerald potions (gained 1)
The centaur zombie enters a dispersal trap!
You blink.
The centaur zombie blinks!
The centaur zombie fails to trigger a net trap.
There is a gate leading back out of this place here.
As you read the scroll of teleportation, it crumbles to dust.
You feel strangely unstable.
Welcome back to the Dungeon!
The mummy hits you!
You die...

..##.. ......
#.... #... # ###..
##. ##.#.### ....
##M.#...#
....##@g.g...#####
.....##g.#........
......##.#.g......
.......###........
........##........
.........#.##.....
............######
........#.........
.########.........


You could see a mummy and 3 gnolls.

Vanquished Creatures
  Grinder (D:4)
  Sigmund (D:2)
  Eustachio (D:4)
  2 black bears (D:6)
  A centaur (D:5)
  Blork the orc (D:4)
  A howler monkey (D:5)
  Crazy Yiuf (D:2)
  A gnoll shaman (D:5)
  A hound (D:5)
  A centaur skeleton (D:4)
  3 centaur zombies (Ossuary)
  2 jellies (D:5)
  An orc wizard (D:4)
  An iguana (D:4)
  Terence (D:2)
  2 worker ants (D:4)
  A hound skeleton (D:5)
  4 mummies (Ossuary)
  Robin (D:3)
  5 gnolls (D:5)
  3 adders
  An ooze (D:1)
  3 dart slugs
  A worm (D:2)
  4 leopard geckos
  10 orcs
  5 bats
  5 giant cockroaches
  12 goblins
  9 hobgoblins
  5 jackals
  6 kobolds
  A quokka (D:4)
  A ball python (D:2)
  11 frilled lizards
  5 hobgoblin zombies (Ossuary)
  2 leopard gecko skeletons
  6 rats
123 creatures vanquished.

Notes
Turn   | Place    | Note
-------+----------+-------------------------------------------
     0 | D:1      | Napalmbreeze the Ghoul Fighter began the quest for the Orb.
     0 | D:1      | Reached XP level 1. HP: 19/19 MP: 0/0
   142 | D:1      | Reached XP level 2. HP: 26/26 MP: 1/1
   487 | D:1      | Reached XP level 3. HP: 24/31 MP: 2/2
   850 | D:2      | Noticed Terence
  1280 | D:2      | Killed Terence
  1280 | D:2      | Reached XP level 4. HP: 30/40 MP: 3/3
  1332 | D:2      | Noticed Sigmund
  1389 | D:2      | Killed Sigmund
  1389 | D:2      | Reached XP level 5. HP: 26/47 MP: 4/4
  1389 | D:2      | Reached XP level 6. HP: 30/53 MP: 5/5
  1543 | D:2      | Found an opulent altar of Gozag.
  1544 | D:2      | Found a basalt altar of Yredelemnul.
  1544 | D:2      | Found a snail-covered altar of Cheibriados.
  1545 | D:2      | Found a shadowy altar of Dithmenos.
  1607 | D:2      | Found a radiant altar of Vehumet.
  1993 | D:2      | Found a runed translucent door.
  1994 | D:2      | Noticed Crazy Yiuf
  2004 | D:2      | Killed Crazy Yiuf
  2592 | D:3      | Noticed Robin
  2647 | D:3      | Killed Robin
  3193 | D:4      | Noticed Eustachio
  3256 | D:4      | Killed Eustachio
  3256 | D:4      | Reached skill level 5 in Fighting
  3256 | D:4      | Reached XP level 7. HP: 44/61 MP: 6/6
  3278 | D:4      | Noticed Blork the orc
  3295 | D:4      | Killed Blork the orc
  3349 | D:4      | Noticed Grinder
  3530 | D:4      | Killed Grinder
  3530 | D:4      | Reached skill level 5 in Unarmed Combat
  3540 | D:4      | Reached XP level 8. HP: 61/70 MP: 7/7
  3580 | D:4      | Found Zyf Zauh's Book Boutique.
  3764 | D:5      | Entered Level 5 of the Dungeon
  3830 | D:5      | Reached skill level 5 in Armour
  3830 | D:5      | Reached skill level 5 in Shields
  3912 | D:5      | Found Donoful's Distillery.
  3913 | D:5      | Found a staircase to the Ecumenical Temple.
  3962 | Temple   | Entered the Ecumenical Temple
  4048 | D:5      | Bought a potion of resistance for 110 gold pieces
  4048 | D:5      | Bought a potion of flight for 33 gold pieces
  4149 | D:5      | Identified the Reference Book on Feathers and Arcane
                  | Weapons
  4291 | D:5      | Found Noocar's Assorted Antiques.
  4299 | D:5      | Bought a scroll labeled KOETTIYRUCK for 19 gold pieces
  4299 | D:5      | Bought a scroll labeled PEKUUP RECA for 19 gold pieces
  4299 | D:5      | Bought a transparent amethyst amulet for 95 gold pieces
  4300 | D:5      | Identified the amulet of Yfuufos {+Rage MP+9 Int+3} (You
                  | bought it in a shop on level 5 of the Dungeon)
  4453 | D:6      | Found a bloodstained altar of Trog.
  4582 | D:6      | Found a sand-covered staircase.
  4588 | Ossuary  | Entered an ossuary
  4872 | D:6      | Mangled by a mummy

Levels and vault maps discovered:
D:1:      psy_arrival_conway, layout_basic
D:2:      layout_basic, lemuel_doored_altar,
          chequers_temple_overflow_statue_of_worship, minmay_crystal_room,
          minmay_fractal_squares_5, uniq_crazy_yiuf_cottage, uniq_sigmund,
          uniq_terence
D:3:      layout_basic, columned_hall_lemuel, uniq_robin
D:4:      layout_rooms, serial_shops, shop, uniq_eustachio, uniq_blork_the_orc,
          uniq_grinder
D:5:      layout_rooms, minmay_temple_entry_overgrown, first_ration,
          serial_shops, shop, shop, grunt_ministairs_9,
          minmay_misc_feat_more_columns, kennysheep_generic_room_11
D:6:      cheibrodos_iron_armory, layout_gridville, marbit_many_paths,
          trog_ov_bears_minmay, nicolae_overflow_hidden_temple,
          gup_ossuary_entry_pyramid, minmay_misc_feat_cross, elyvilon_altar_5
Temple:   zaba_magenta_temple

Skill      XL: |  1  2  3  4  5  6  7  8 |
---------------+-------------------------+-----
Armour         | 3 4 5 |  5.7
Shields        | 3 4 5 |  5.0
Unarmed Combat | 3 4 5 6 |  6.4
Fighting       | 4 5 6 |  6.9

Action                   |  1- 3 |  4- 6 |  7- 9 || total
-------------------------+-------+-------+-------++-------
Melee: Unarmed           |   141 |   200 |   250 ||   591
  Use: Scroll            |       |       |     7 ||     7
       Potion            |       |       |     2 ||     2
  Eat: Chunk             |     6 |     5 |     9 ||    20
       Ration            |       |       |     1 ||     1
Armor: Scale mail        |    45 |     1 |       ||    46
       Storm dragon scal |       |    98 |   176 ||   274
Dodge: Dodged            |    36 |    33 |    85 ||   154
Block: Shield            |    57 |    77 |   159 ||   293
